 Dungeon Crawl Stone Soup version 0.21-a0-414-gba8bdf1 (webtiles) character file.

746848 4thArraOfDagon the Wrestler (level 27, 0/319 HPs)
             Began as a Yellow Draconian Warper on Nov 2, 2017.
             Was a Follower of Uskayaw.
             Slain by a lorocyproca (16 damage)
             ... in Pandemonium on Nov 3, 2017.
             The game lasted 04:44:58 (33471 turns).

4thArraOfDagon the Wrestler (DrWr)                 Turns: 33471, Time: 04:44:58

Health: 0/319      AC: 39    Str: 21    XL:     27
Magic:  21/45      EV: 17    Int: 35    God:    Uskayaw [*.....]
Gold:   3115       SH:  0    Dex:  9    Spells: 6/62 levels left

rFire    + . .     SeeInvis .     - Unarmed
rCold    + . .     Gourm    .   (no shield)
rNeg     + + .     Faith    .   (armour unavailable)
rPois    ∞         Spirit   .   (helmet restricted)
rElec    +         Reflect  .   D - +3 cloak of the Unbroken {rN+ Dex+2}
rCorr    +         Harm     .   (gloves currently unavailable)
MR       ++++.     Clarity  +   (boots currently unavailable)
Stlth    +.........             n - amulet of regeneration
HPRegen  1.03/turn              o - ring of Anox {rF+ MR++ Int+6 Dex-3}
MPRegen  0.29/turn              m - ring "Addez" {rC+ AC+3 Str+4 Int+3}

@: about to teleport, statue-form, weakened, sap magic, drained, very slow
A: (spit acid), (acid resistance), unfitting armour, claws 1, horns 2, blink,
blurry vision 1, clarity, mutation resistance 1, sense surroundings 1, strong 1,
acidic bite, cold-blooded, AC +13
}: 6/15 runes: barnacled, slimy, silver, glowing, fiery, gossamer
a: End Transformation, Blink, Stomp, Renounce Religion


You were in Pandemonium.
You worshipped Uskayaw.
Uskayaw was greatly pleased with you.
You were full.
You were a stone statue.
You visited 10 branches of the dungeon, and saw 54 of its levels.
You visited Pandemonium 1 time, and saw 7 of its levels.
You visited 1 ziggurat, and saw 12 of its levels.
You also visited: Labyrinth and Ice Cave.

You collected 5171 gold pieces.
You spent 2056 gold pieces at shops.

Inventory:

Missiles
 c - 4 tomahawks of dispersal
 H - 16 throwing nets (quivered)
Armour
 w - the -2 pair of gloves of the Modern Shrikes (melded) {rElec rPois MP+9}
   (You found it in Pandemonium)

   It insulates you from electricity.
   It protects you from poison.
   It affects your magic capacity (+9).
 B - a +2 pair of boots (melded)
 D - the +3 cloak of the Unbroken (worn) {rN+ Dex+2}
   (You found it on level 2 of the Realm of Zot)

   It affects your dexterity (+2).
   It protects you from negative energy.
Magical Staves
 a - an uncursed staff of wizardry {!a}
 F - an uncursed staff of energy {!a}
 R - an uncursed staff of earth
Jewellery
 m - the ring "Addez" (right claw) {rC+ AC+3 Str+4 Int+3}
   (You found it on level 9 of a ziggurat)

   [ring of protection]

   It affects your AC (+3).
   It affects your strength (+4).
   It affects your intelligence (+3).
   It protects you from cold.
 n - an amulet of regeneration (around neck)
 o - the ring of Anox (left claw) {rF+ MR++ Int+6 Dex-3}
   (You took it off a tengu warrior on level 11 of the Dungeon)

   [ring of protection from fire]

   It affects your intelligence (+6).
   It affects your dexterity (-3).
   It protects you from fire.
   It affects your resistance to hostile enchantments.
 q - the amulet of Duisi {Reflect +Inv rF+ MR- Str+7 SH+4}
   (You took it off a minotaur in a labyrinth)

   [amulet of reflection]

   It shields you and reflects attacks.
   It affects your strength (+7).
   It protects you from fire.
   It affects your resistance to hostile enchantments.
   It lets you turn invisible.
   It affects your SH (+4).
 M - the ring "Lasydeh" {rN+ Dex+3}
   (You acquired it on level 6 of the Lair of Beasts)

   [ring of dexterity]

   It affects your dexterity (+3).
   It protects you from negative energy.
 N - the ring "Zaokku" {rElec rF+ MP+9 Str-2 Int+7}
   (You found it on level 10 of a ziggurat)

   [ring of magical power]

   It affects your strength (-2).
   It affects your intelligence (+7).
   It protects you from fire.
   It insulates you from electricity.
   It affects your magic capacity (+9).
 W - an uncursed ring of positive energy
Wands
 Q - a wand of digging (1/24)
 S - a wand of clouds (2/9)
Scrolls
 f - 15 scrolls of remove curse
 g - 6 scrolls of teleportation
 i - 2 scrolls of amnesia
 k - 7 scrolls of recharging
 l - 6 scrolls of immolation
 p - 3 scrolls of fog
 s - a scroll of silence
 z - 7 scrolls of identify
 C - 4 scrolls of magic mapping
 E - 3 scrolls of holy word
 L - 2 scrolls of summoning
Potions
 e - 21 potions of curing
 h - 7 potions of ambrosia
 j - 2 potions of heal wounds
 r - 2 potions of agility
 u - 7 potions of mutation
 v - 5 potions of haste
 x - 2 potions of resistance
 I - 4 potions of might
 K - 2 potions of magic
 O - 3 potions of invisibility
 T - 6 potions of flight
 U - 4 potions of brilliance
 X - a potion of cancellation
 Y - a potion of berserk rage
Books
 t - a book of the Earth

   Spells                             Type                      Level
   a - Leda's Liquefaction            Hexes/Earth                  4
   b - Bolt of Magma                  Conjuration/Fire/Earth       5
   c - Statue Form                    Transmutation/Earth          6
   d - Iron Shot                      Conjuration/Earth            6
   e - Shatter                        Earth                        9
Miscellaneous
 y - a lightning rod (4/4)
 G - 5 boxes of beasts
 J - a lamp of fire
 V - a fan of gales
 Z - 2 phantom mirrors
Comestibles
 d - 16 bread rations
 A - 30 meat rations


   Skills:
 - Level 20.1(19.9) Fighting
 - Level 0.8(0.7) Throwing
 - Level 11.5(11.4) Dodging
 - Level 25.0(24.8) Unarmed Combat
 - Level 18.0(17.8) Spellcasting
 - Level 3.4(3.3) Charms
 - Level 3.7(3.6) Necromancy
 - Level 3.0(2.8) Translocations
 - Level 13.2(13.0) Transmutations
 * Level 22.7(22.5) Earth Magic
 - Level 20.0(19.8) Invocations
 - Level 5.0(4.9) Evocations


You had 6 spell levels left.
You knew the following spells:

 Your Spells              Type           Power        Failure   Level  Hunger
a - Apportation           Tloc           ######       1%          1    None
b - Blink                 Tloc           N/A          1%          2    None
c - Lesser Beckoning      Tloc           ######....   1%          3    None
d - Passage of Golubria   Tloc           N/A          3%          4    None
e - Dragon Form           Tmut           #######...   4%          7    ###....
f - Regeneration          Chrm/Necr      ######....   1%          3    None
g - Statue Form           Tmut/Erth      ########.    1%          6    None
h - Control Undead        Necr           ######....   2%          4    None
i - Sublimation of Blood  Necr           ######....   1%          2    None
j - Shatter               Erth           ########..   10%         9    ######.
k - Swiftness             Chrm/Air       #####...     1%          2    None
l - Iron Shot             Conj/Erth      #######...   1%          6    None
m - Passwall              Tmut/Erth      ########..   0%          2    None
n - Lee's Rapid Deconstr  Erth           ########..   0%          5    None


Dungeon Overview and Level Annotations

Branches:
Dungeon (15/15)              Lair (6/6) D:8          Shoals (4/4) Lair:3
 Spider (4/4) Lair:2        Slime (5/5) Lair:5          Orc (2/2) D:10
    Elf (3/3) Orc:2        Vaults (5/5) D:14          Crypt (0/3) Vaults:3
 Depths (5/5) D:15            Zot (5/5) Depths:5
 Temple: D:4-7

Altars:
Ashenzari
Fedhas
Gozag
Hepliaklqana
Okawaru
Uskayaw
Vehumet
Wu Jian
Yredelemnul
Zin
The Shining One
Jiyva

Shops:
D:7 (   D:10 }   Orc:2 *(%:!   Zot:5 *   Depths:5 [

Portals:
Hell: Depths:2 Depths:3 Depths:4 Depths:5*
Abyss: Depths:4
Pandemonium: Orc:2 Depths:3

Annotations:
D:15 Urug
Lair:5 exclusion: upstairs
Lair:6 exclusion: oklob plant
Elf:1 Aizul


Innate Abilities, Weirdness & Mutations

((You can spit globs of acid.))
((You are resistant to acid.))
((Your golden yellow scales are hard. (AC +13)))
You cannot fit into any form of body armour.
You have acidic saliva.
You are cold-blooded and may be slowed by cold attacks.
You have sharp fingernails.
You have a pair of horns on your head.
You can translocate small distances at will.
Scrolls take you a little longer to read.
You possess an exceptional clarity of mind.
You are somewhat resistant to further mutation.
You passively map a small area around you.
Your muscles are strong. (Str +2)


Message History

The smoke demon hits you but does no damage. x2
The smoke demon completely misses you. Something hits you but does no damage.
The monstrous black sun hits you but does no damage.
The monstrous black sun claws you.
* * * LOW HITPOINT WARNING * * *
You feel as though you will be weak longer.
The monstrous black sun barely misses you.
You can no longer pass through a line of other dancers.
As you read the scroll of teleportation, it crumbles to dust.
You feel strangely unstable.
You mangle the monstrous black sun!! You headbutt the monstrous black sun!
Your claw misses the monstrous black sun.
The monstrous black sun is almost dead.
The gelid warmonger completely misses you.
The smoke demon closely misses you. x2; The smoke demon barely misses you.
The monstrous black sun barely misses you.
The monstrous black sun claws you but does no damage.
The monstrous black sun completely misses you.
Something hits you!
You die...

#.........*
...#.........###
*
.!...........#.#
*
,...#..........#*
, ,
..............#
.............#
............# * ,
,
,..#..666...##..
, , , , , ,
##.8....... , * *
##.3...... *
.#...#### * , ,
.. #..#* , * , ,
..#, ..#, , ,
..., *..., , , ,
* .... .#. #.#.
,.#.. ,


You could see a gelid warmonger, a monstrous black sun, a torturous demonspawn
and a smoke demon.

Vanquished Creatures
  Cerebov (Pan)
  the Royal Jelly (Slime:5)
  Dissolution (Slime:5)
  Mnoleg (Pan)
  4 ancient liches (Vaults:5)
  An orb of fire (Zig:12)
  2 juggernauts
  2 pandemonium lords
  Sojobo (Depths:2)
  Saint Roka (Vaults:3)
  Margery (Vaults:5)
  2 curse toes
  4 caustic shrikes (Zig:8)
  Arachne (Spider:3)
  14 golden dragons
  3 liches
  A bone dragon (Zig:10)
  3 Brimstone Fiends (Pan)
  Jorgrun (Depths:5)
  14 tentacled monstrosities
  2 hellephants
  A Hell Sentinel (Pan)
  Rupert (Lair:4)
  4 Ice Fiends (Pan)
  An iron giant (Zig:10)
  Asterion (Elf:1)
  2 deep elf blademasters (Elf:3)
  3 titans (Vaults:5)
  3 quicksilver dragons
  2 deep elf master archers
  16 acid blobs
  2 sphinxes
  7 death cobs
  The ghost of drevant the Warrior, an adept DsAK of Lugonu (Elf:3)
  Polyphemus (Shoals:4)
  5 Executioners
  8 shadow dragons
  8 tengu reavers
  9 draconian monks
  8 fire giants
  16 azure jellies
  Ilsuiw (Shoals:4)
  14 storm dragons
  2 draconian scorchers
  5 deep elf sorcerers
  7 vault wardens
  5 draconian knights
  A warmonger (Pan)
  10 cacodemons (Pan)
  11 frost giants
  21 large abominations
  4 ghost moths
  Louise (Shoals:2)
  An iron dragon (Depths:3)
  17 balrugs
  2 deep elf elementalists (Elf:3)
  7 emperor scorpions
  2 caustic shrike zombies
  The ghost of Oirien the Peltast, a journeyman MiFi of Okawaru (Depths:1)
  2 reapers
  A draconian stormcaller (Zot:2)
  31 very ugly things
  11 ironheart preservers
  2 draconian shifters
  3 blood saints (Pan)
  24 stone giants
  4 war gargoyles
  8 draconian annihilators
  2 spriggan defenders
  5 entropy weavers
  2 corrupters (Pan)
  3 vampire knights
  10 deep elf demonologists
  17 deep elf annihilators
  A black sun (Pan)
  10 green draconians
  5 black draconians
  2 yellow draconians
  A dire elephant (Zig:9)
  6 red draconians
  A spark wasp (shapeshifter) (Depths:3)
  3 purple draconians
  7 white draconians
  9 spark wasps
  2 blizzard demons
  10 ettins
  7 merfolk javelineers
  12 deep elf death magi
  2 crystal guardians
  15 fire dragons
  A minotaur (Lab)
  An eidolon (Zig:2)
  2 green deaths (Pan)
  14 great orbs of eyes
  2 jiangshi
  A death ooze (Slime:2)
  8 merfolk impalers
  14 deep elf high priests
  22 yaktaur captains
  10 hydras
  9 ice dragons
  7 rakshasas
  4 alligator snapping turtles
  30 vault guards
  3 merfolk aquamancers
  An anaconda (shapeshifter) (Vaults:5)
  3 catoblepae
  12 ogre magi
  3 death knights
  A hell beast (Depths:5)
  2 two-headed ogres (shapeshifter)
  8 centaur warriors
  40 two-headed ogres
  4 spriggan air magi
  3 merfolk avatars
  5 satyrs
  2 deep troll shamans
  8 dancing weapons
  A hell hog (Pan)
  5 deep troll earth magi
  5 vampire magi
  6 death yaks
  A spriggan (Depths:2)
  7 orc high priests
  5 spriggan berserkers
  6 tengu warriors
  14 sun demons (Pan)
  2 storm dragon zombies (Zig:10)
  2 soul eaters
  Nergalle (D:11)
  12 hell knights
  17 deep elf knights
  4 shadow wraiths
  4 fire crabs (Zig:12)
  3 iron trolls
  6 skeletal warriors
  4 sixfirhies
  A golden dragon zombie (Zig:10)
  2 wizards
  A storm dragon skeleton (Depths:4)
  16 deep trolls
  14 sea snakes
  A spectral spriggan (Zig:2)
  An infernal demonspawn (Pan)
  A shadow dragon zombie (Zig:10)
  18 deep elf archers
  A torturous demonspawn (Orc:2)
  5 flayed ghosts
  11 ironbrand convokers
  3 glowing orange brains
  An unseen horror (D:14)
  2 gelid demonspawn
  3 shadow demons
  12 orc knights
  A phantasmal warrior (Vaults:5)
  20 harpies
  51 deep elf magi
  7 necromancers
  An oklob plant (Lair:1)
  7 shining eyes
  An orb spider (shapeshifter) (Depths:2)
  44 ugly things
  28 wolf spiders
  18 orb spiders
  11 orc sorcerers
  10 cyclopes
  21 elephants
  17 manticores
  A frost giant skeleton (Vaults:1)
  6 fauns (Shoals:3)
  16 moths of wrath
  8 orange demons
  3 rust devils
  5 merfolk sirens
  Maurice (D:9)
  8 vault sentinels
  12 water nymphs
  4 black mambas
  2 ice statues (IceCv)
  4 torpor snails
  4 eyes of devastation
  A centaur skeleton (D:10)
  6 smoke demons (Pan)
  22 spiny frogs
  5 hellions (Pan)
  8 efreet
  4 freezing wraiths
  5 hellwings
  A rime drake (Lair:3)
  2 tormentors
  5 ice devils
  10 red devils (Pan)
  13 demonic crawlers
  36 yaktaurs
  5 komodo dragons
  35 merfolk
  2 small abominations
  4 tengu conjurers
  24 jumping spiders
  7 trolls
  A polar bear (Lair:6)
  4 tyrant leeches (Lair:6)
  3 wind drakes
  10 hornets
  8 dream sheep
  17 blink frogs
  8 hippogriffs
  7 snapping turtles
  99 slime creatures
  2 hippogriffs (shapeshifter)
  6 wyverns
  67 redbacks
  A shadow (D:12)
  A tarantella (shapeshifter) (Depths:3)
  9 water elementals
  A flying skull (Vaults:3)
  7 ynoxinuls (Pan)
  10 air elementals
  25 tarantellas
  32 yaks
  6 wraiths
  3 hungry ghosts
  11 fire elementals
  A steam dragon (D:10)
  2 yaks (shapeshifter)
  A hog (shapeshifter) (Depths:4)
  A golden eye (Slime:1)
  11 neqoxecs
  Grum (D:11)
  2 basilisks
  10 chaos spawn
  13 vampire mosquitoes
  8 wargs
  An acid dragon (D:14)
  An acid dragon (shapeshifter) (Depths:1)
  5 hell hounds
  A soldier ant (D:14)
  2 floating eyes
  8 hydra simulacra (Depths:2)
  9 water moccasins
  5 sky beasts
  A meliai simulacrum (D:15)
  6 porcupines
  46 orc warriors
  4 ice beasts
  5 black bears
  A hornet zombie (D:15)
  A necrophage (D:7)
  An ogre (shapeshifter) (Vaults:4)
  13 eyes of draining
  A phantom (D:8)
  2 wolves (D:11)
  32 ogres
  22 centaurs
  4 boggarts (Depths:2)
  A human skeleton (Vaults:1)
  14 crocodiles
  2 big kobolds
  An orc skeleton (Vaults:1)
  27 bullfrogs
  3 earth elementals
  A gnoll sergeant (D:9)
  5 scorpions
  An orc simulacrum (Vaults:1)
  A human simulacrum (Vaults:1)
  A killer bee (shapeshifter) (Vaults:5)
  12 killer bees
  3 howler monkeys
  10 wights
  13 crimson imps
  A centaur zombie (D:12)
  4 quasits
  2 hounds
  7 jellies
  A bullfrog zombie (D:12)
  2 iron imps
  26 orc priests
  2 iguanas (D:14)
  3 bullfrog skeletons
  17 orc wizards
  14 worker ants
  A mummy (Zig:10)
  2 hound zombies
  A howler monkey zombie (D:10)
  A worker ant zombie (D:5)
  12 gnolls
  18 adders
  3 shadow imps
  14 white imps
  2 ufetubi (Depths:3)
  2 oozes
  4 adder zombies
  7 worms
  4 dart slugs
  4 leopard geckos
  79 orcs
  7 giant cockroaches
  11 goblins
  3 hobgoblins
  6 jackals
  10 kobolds
  8 quokkas
  A ball python (D:2)
  6 bats
  5 frilled lizards
  A quokka skeleton (D:9)
  A quokka zombie (D:7)
  6 rats
  A bush (Lair:1)
  A crawling corpse (Depths:3)
  A plant (Shoals:2)
2369 creatures vanquished.

Vanquished Creatures (collateral kills)
  A shining eye (shapeshifter) (Depths:2)
  A tyrant leech (Lair:6)
  A neqoxec (Pan)
3 creatures vanquished.

Vanquished Creatures (others)
  A pandemonium lord (Zig:5)
  A storm dragon (Vaults:5)
  2 spriggan air magi
  A deep troll earth mage (Depths:2)
  A deep elf mage (Elf:1)
  A moth of wrath (Zot:2)
  A komodo dragon (Zig:9)
  A merfolk (Zig:7)
  A ynoxinul (Zig:5)
  A fire elemental (Zig:11)
  A chaos spawn (Pan)
  A neqoxec (Pan)
  A boggart (Depths:2)
  An ogre (Vaults:3)
  25 fungi
  55 plants
95 creatures vanquished.

Grand Total: 2467 creatures vanquished

Notes
Turn   | Place    | Note
-------+----------+-------------------------------------------
     0 | D:1      | 4thArraOfDagon the Draconian Warper began the quest for the Orb.
     0 | D:1      | Reached XP level 1. HP: 17/17 MP: 3/3
   291 | D:1      | Reached XP level 2. HP: 19/24 MP: 5/5
   397 | D:2      | Reached skill level 3 in Unarmed Combat
   439 | D:3      | Noticed a hand axe
   441 | D:3      | Noticed a dagger
   445 | D:3      | Found a hide-covered altar of Uskayaw.
   519 | D:3      | Became a worshipper of Uskayaw the Reveler
   542 | D:2      | Reached * piety under Uskayaw
   568 | D:2      | Reached ** piety under Uskayaw
   578 | D:2      | Reached XP level 3. HP: 9/29 MP: 6/6
   678 | D:2      | Reached skill level 4 in Unarmed Combat
   687 | D:2      | Reached *** piety under Uskayaw
   842 | D:3      | Reached XP level 4. HP: 36/36 MP: 7/7
  1052 | D:3      | Reached skill level 5 in Unarmed Combat
  1111 | D:3      | Reached skill level 1 in Invocations
  1121 | D:3      | Reached XP level 5. HP: 22/41 MP: 8/8
  1668 | D:5      | Entered Level 5 of the Dungeon
  1772 | D:5      | Reached skill level 6 in Unarmed Combat
  1772 | D:5      | Reached XP level 6. HP: 46/48 MP: 2/9
  1811 | D:5      | Found a blossoming altar of Fedhas.
  1924 | D:5      | Your scales start taking on a golden yellow colour.
  1924 | D:5      | Reached XP level 7. HP: 46/55 MP: 10/10
  2042 | D:5      | Reached skill level 7 in Unarmed Combat
  2081 | D:6      | Found a glowing golden altar of the Shining One.
  2345 | D:6      | Reached XP level 8. HP: 31/63 MP: 4/11
  2347 | D:6      | Gained mutation: Your mind is acute. (Int +2) [mutagenic meat]
  2454 | D:6      | Reached skill level 8 in Unarmed Combat
  2582 | D:6      | Reached **** piety under Uskayaw
  2697 | D:7      | Reached skill level 5 in Invocations
  2790 | D:7      | Found an iron altar of Okawaru.
  2790 | D:7      | Found a hazy altar of Hepliaklqana.
  2801 | D:7      | Found a radiant altar of Vehumet.
  2811 | D:7      | Found a shattered altar of Ashenzari.
  2888 | D:7      | Found Haysesaw's Antique Weapon Boutique.
  2971 | D:7      | Reached skill level 9 in Unarmed Combat
  3225 | D:8      | Reached XP level 9. HP: 45/72 MP: 9/13
  3348 | D:8      | Found a basalt altar of Yredelemnul.
  3379 | D:8      | Reached skill level 5 in Fighting
  3678 | D:9      | Noticed Maurice
  3749 | D:9      | Found an ornate altar of the Wu Jian Council.
  3874 | D:8      | Reached skill level 10 in Unarmed Combat
  3990 | D:9      | Reached skill level 5 in Dodging
  4070 | D:9      | Killed Maurice
  4146 | D:9      | Found a glowing silver altar of Zin.
  4147 | D:9      | Found an opulent altar of Gozag.
  4191 | D:10     | Entered Level 10 of the Dungeon
  4267 | D:10     | Noticed a troll
  4269 | D:10     | Reached XP level 10. HP: 54/83 MP: 15/15
  4287 | D:10     | Found Defalyke's Quality Used Wands.
  4339 | D:10     | Gained mutation: Scrolls take you a little longer to read. [mutagenic meat]
  4340 | D:10     | Gained mutation: You have a pair of small horns on your head. [mutagenic meat]
  4341 | D:10     | Gained mutation: Your magical capacity is low. (-10% MP) [mutagenic meat]
  4342 | D:10     | Lost mutation: Scrolls take you a little longer to read. [mutagenic meat]
  4344 | D:10     | Gained mutation: You are frail. (-10% HP) [mutagenic meat]
  4350 | D:10     | Lost mutation: Your mind is acute. (Int +2) [potion of mutation]
  4350 | D:10     | Lost mutation: Your magical capacity is low. (-10% MP) [potion of mutation]
  4350 | D:10     | Gained mutation: Your flesh is cold resistant. (rC+) [potion of mutation]
  4350 | D:10     | Gained mutation: Your tail ends in a poisonous barb. [potion of mutation]
  4357 | D:10     | Bought a wand of digging (0/24) for 136 gold pieces
  4357 | D:10     | Bought a wand of paralysis (0/24) for 34 gold pieces
  4488 | D:10     | Found a staircase to the Orcish Mines.
  4622 | D:10     | Noticed a two-headed ogre
  4630 | D:10     | Killed a two-headed ogre
  4630 | D:10     | Reached skill level 11 in Unarmed Combat
  4759 | D:11     | Noticed Nergalle
  4808 | D:11     | Noticed a cyclops
  4866 | D:11     | Noticed Grum
  4879 | D:11     | Killed Grum
  4896 | D:11     | Reached ***** piety under Uskayaw
  4948 | D:11     | Noticed a brown ugly thing
  4957 | D:11     | Noticed a brown ugly thing
  4962 | D:11     | Killed a brown ugly thing
  4973 | D:11     | Killed a brown ugly thing
  4973 | D:11     | Reached XP level 11. HP: 81/83 MP: 17/17
  4981 | D:11     | Found a labyrinth entrance.
  4990 | Lab      | Entered a labyrinth
  4991 | Lab      | Gained mutation: Your mind is acute. (Int +2) [mutagenic meat]
  4992 | Lab      | Lost mutation: Your mind is acute. (Int +2) [mutagenic meat]
  5089 | Lab      | Noticed a minotaur
  5090 | Lab      | :O
  5111 | Lab      | Killed a minotaur
  5113 | Lab      | Got a coiled sapphire amulet
  5124 | Lab      | Learned a level 1 spell: Apportation
  5128 | Lab      | Identified the Incunabulum of Enchantment
  5195 | D:11     | Reached skill level 12 in Unarmed Combat
  5267 | D:11     | Noticed a tengu warrior
  5276 | D:11     | Killed a tengu warrior
  5278 | D:11     | Got a bound gossamer ring
  5280 | D:11     | Identified the ring of Anox {rF+ MR++ Int+6 Dex-3} (You took it off a tengu warrior on level 11 of the Dungeon)
  5410 | D:11     | Identified the amulet of Duisi {Reflect +Inv rF+ MR- Str+7 SH+4} (You took it off a minotaur in a labyrinth)
  5471 | D:11     | Killed Nergalle
  5526 | D:11     | Learned a level 2 spell: Blink
  5530 | D:11     | Learned a level 3 spell: Lesser Beckoning
  5535 | D:11     | Learned a level 4 spell: Passage of Golubria
  5633 | D:12     | Noticed a white ugly thing
  5640 | D:12     | Noticed a cyan ugly thing
  5644 | D:12     | Killed a white ugly thing
  5646 | D:12     | Noticed a seven-headed hydra
  5654 | D:11     | Killed a cyan ugly thing
  5760 | D:12     | Noticed a green ugly thing
  5761 | D:12     | Noticed a green ugly thing
  5781 | D:12     | Killed a red ugly thing
  5788 | D:12     | Killed a brown ugly thing
  5794 | D:12     | Gained mutation: Your system is resistant to poisons. (rPois) [mutagenic meat]
  5795 | D:12     | Gained mutation: You are clumsy. (Dex -2) [mutagenic meat]
  5796 | D:12     | Gained mutation: You have sharp fingernails. [mutagenic meat]
  6013 | D:12     | Noticed a two-headed ogre
  6033 | D:12     | Killed a seven-headed hydra
  6037 | D:12     | Killed a two-headed ogre
  6053 | D:12     | Reached skill level 13 in Unarmed Combat
  6053 | D:12     | Reached XP level 12. HP: 76/93 MP: 19/19
  6160 | D:13     | Found a frozen archway.
  6178 | IceCv    | Entered an ice cave
  6862 | D:13     | Noticed a two-headed ogre
  6873 | D:13     | Killed a two-headed ogre
  6873 | D:13     | Reached skill level 10 in Invocations
  6891 | D:14     | Noticed a centaur warrior
  6904 | D:14     | Killed a centaur warrior
  6930 | D:14     | Noticed a tengu warrior
  7177 | D:14     | Noticed a two-headed ogre
  7184 | D:14     | Killed a two-headed ogre
  7229 | D:14     | Killed a tengu warrior
  7304 | D:14     | Noticed a two-headed ogre
  7327 | D:14     | Killed a two-headed ogre
  7327 | D:14     | Reached skill level 10 in Fighting
  7432 | D:15     | Entered Level 15 of the Dungeon
  7432 | D:15     | Noticed Urug
  7503 | D:13     | Reached skill level 5 in Spellcasting
  7594 | Orc:1    | Entered Level 1 of the Orcish Mines
  7599 | Orc:1    | Noticed a two-headed ogre
  7604 | Orc:1    | Killed a two-headed ogre
  7604 | Orc:1    | Reached skill level 14 in Unarmed Combat
  7759 | Orc:2    | Entered Level 2 of the Orcish Mines
  7759 | Orc:2    | Found a staircase to the Elven Halls.
  7991 | Orc:2    | Noticed an orc high priest
  8002 | Orc:2    | Killed an orc high priest
  8004 | Orc:2    | Reached XP level 13. HP: 85/101 MP: 21/21
  8034 | Orc:2    | Found Wueseki's Assorted Antiques.
  8575 | Orc:2    | Found Xetil's Distillery.
  8623 | Orc:2    | Found Noipsup's Food Shoppe.
  8650 | Orc:2    | Bought 2 potions of heal wounds for 170 gold pieces
  8650 | Orc:2    | Bought a potion of heal wounds for 85 gold pieces
  8650 | Orc:2    | Bought a potion of heal wounds for 85 gold pieces
  8650 | Orc:2    | Bought a potion of flight for 51 gold pieces
  8650 | Orc:2    | Bought a potion of brilliance for 68 gold pieces
  8650 | Orc:2    | Bought 2 potions of berserk rage for 170 gold pieces
  9029 | Orc:2    | Reached ****** piety under Uskayaw
  9347 | Orc:2    | Reached skill level 15 in Unarmed Combat
  9415 | Orc:2    | Found Nuorezi's Book Boutique.
  9415 | Orc:2    | Found Duisu's Antique Weapon Shop.
  9415 | Orc:2    | Found a one-way gate leading to the halls of Pandemonium.
  9419 | Orc:2    | Bought Rapren's Handbook of Changing and the Mountains for 960 gold pieces
  9427 | Orc:2    | Learned a level 7 spell: Dragon Form
  9462 | Orc:2    | Bought 2 potions of curing for 102 gold pieces
  9462 | Orc:2    | Bought a potion of curing for 51 gold pieces
  9490 | Elf:1    | Entered Level 1 of the Elven Halls
  9508 | Elf:1    | Reached skill level 1 in Transmutations
  9575 | Elf:3    | Entered Level 3 of the Elven Halls
  9594 | Elf:3    | Noticed a deep elf death mage
  9626 | Elf:3    | Killed a deep elf death mage
  9633 | Elf:3    | Killed a ghostly deep elf death mage
  9634 | Elf:3    | Noticed a deep elf annihilator
  9638 | Elf:3    | Noticed a deep elf death mage
  9652 | Elf:3    | Killed a deep elf death mage
  9653 | Elf:3    | Killed a deep elf annihilator
  9705 | Elf:3    | Noticed a deep elf annihilator
  9706 | Elf:3    | Noticed a deep elf demonologist
  9726 | Elf:3    | Killed a deep elf annihilator
  9740 | Elf:3    | Killed a deep elf demonologist
  9783 | Elf:3    | Gained mutation: You have acidic saliva. [Yellow Draconian growth]
  9783 | Elf:3    | Reached XP level 14. HP: 54/111 MP: 25/25
  9793 | Elf:3    | Reached skill level 5 in Transmutations
  9891 | Elf:3    | Noticed drevant's ghost (adept DsAK)
 10159 | Elf:1    | Noticed Asterion
 10166 | Elf:1    | Noticed a deep elf sorcerer
 10195 | Elf:1    | Killed a deep elf sorcerer
 10314 | Elf:1    | HMM
 10365 | Elf:1    | Noticed Aizul
 10604 | D:8      | Found a staircase to the Lair.
 10609 | Lair:1   | Entered Level 1 of the Lair of Beasts
 11212 | Lair:4   | Noticed Rupert
 11250 | Lair:5   | Found a staircase to the Slime Pits.
 11250 | Lair:5   | Found a viscous altar of Jiyva.
 11466 | Lair:6   | Entered Level 6 of the Lair of Beasts
 11860 | Lair:6   | Reached skill level 10 in Transmutations
 12067 | Lair:5   | Learned a level 3 spell: Regeneration
 12388 | Lair:6   | Reached XP level 15. HP: 91/116 MP: 28/28
 12702 | Lair:6   | Identified a scroll of acquirement
 12704 | Lair:6   | Got a scintillating glass ring
 12706 | Lair:6   | Identified the ring "Lasydeh" {rN+ Dex+3} (You acquired it on level 6 of the Lair of Beasts)
 12895 | Lair:6   | Reached skill level 10 in Spellcasting
 13329 | Lair:5   | ROAR
 13747 | Lair:3   | Found a staircase to the Shoals.
 13785 | Lair:3   | Noticed Sonja
 13801 | Lair:3   | Noticed Sonja
 13801 | Lair:3   | Sonja changed into Sonja the wyvern
 13807 | Lair:3   | Killed Sonja the wyvern
 14831 | Elf:3    | Noticed a deep elf master archer
 14929 | Elf:2    | Reached skill level 1 in Charms
 14929 | Elf:2    | Reached skill level 1 in Necromancy
 14941 | Elf:1    | Found a radiant altar of Vehumet.
 14980 | Elf:3    | Killed drevant's ghost
 15169 | Elf:3    | Killed a deep elf master archer
 15169 | Elf:3    | Reached XP level 16. HP: 112/123 MP: 15/31
 15369 | Elf:3    | Noticed a deep elf blademaster
 15374 | Elf:3    | Killed a deep elf blademaster
 15575 | Elf:3    | Got a fine trident {pain}
 15576 | Elf:3    | Identified the +0 trident of Blood-Lust {pain, rPois Int+3} (You took it off a deep elf elementalist on level 3 of the Elven Halls)
 15622 | Elf:3    | Got a brightly glowing short sword {chaos}
 15623 | Elf:3    | Identified the +3 short sword of Intimidation {chaos, Fragile +Blink rPois} (You took it off a deep elf demonologist on level 3 of the Elven Halls)
 15722 | Elf:3    | Noticed a deep elf blademaster
 15742 | Elf:3    | Killed a deep elf blademaster
 15876 | Elf:3    | Reached skill level 16 in Unarmed Combat
 16007 | Elf:3    | Found the +18 shield of the Gong {rElec rN+ MR+ EV-5}
 16084 | Elf:3    | Learned a level 6 spell: Statue Form
 16141 | Elf:3    | Reached skill level 1 in Earth Magic
 16165 | Elf:3    | Learned a level 4 spell: Control Undead
 16535 | Elf:2    | Gained mutation: You are occasionally teleported next to monsters. [a neqoxec]
 16536 | Elf:2    | Reached skill level 5 in Earth Magic
 16557 | Elf:2    | Lost mutation: You have sharp fingernails. [potion of mutation]
 16557 | Elf:2    | Lost mutation: You are frail. (-10% HP) [potion of mutation]
 16557 | Elf:2    | Lost mutation: Your flesh is cold resistant. (rC+) [potion of mutation]
 16557 | Elf:2    | Gained mutation: Your large and strong wings let you fly indefinitely. [potion of mutation]
 16557 | Elf:2    | Gained mutation: You are very clumsy. (Dex -4) [potion of mutation]
 16557 | Elf:2    | Gained mutation: You are somewhat resistant to further mutation. [potion of mutation]
 16558 | Elf:2    | Lost mutation: Your large and strong wings let you fly indefinitely. [potion of mutation]
 16558 | Elf:2    | Lost mutation: Your tail ends in a poisonous barb. [potion of mutation]
 16558 | Elf:2    | Lost mutation: You are somewhat resistant to further mutation. [potion of mutation]
 16558 | Elf:2    | Lost mutation: You are very clumsy. (Dex -4) [potion of mutation]
 16558 | Elf:2    | Gained mutation: Scrolls take you a little longer to read. [potion of mutation]
 16558 | Elf:2    | Gained mutation: Your large and strong wings let you fly indefinitely. [potion of mutation]
 16559 | Elf:2    | Lost mutation: You have a pair of small horns on your head. [potion of mutation]
 16559 | Elf:2    | Lost mutation: Scrolls take you a little longer to read. [potion of mutation]
 16559 | Elf:2    | Lost mutation: You are clumsy. (Dex -2) [potion of mutation]
 16559 | Elf:2    | Gained mutation: Your tail ends in a poisonous barb. [potion of mutation]
 16659 | Elf:1    | Killed Asterion
 16662 | Elf:1    | Reached XP level 17. HP: 138/146 MP: 25/32
 17181 | Shoals:1 | Entered Level 1 of the Shoals
 17545 | Shoals:2 | Found a runed door.
 17563 | Shoals:2 | Noticed Louise
 17579 | Shoals:2 | Killed Louise
 18206 | Shoals:4 | Entered Level 4 of the Shoals
 18210 | Shoals:4 | Noticed Polyphemus
 18214 | Shoals:4 | Noticed Ilsuiw
 18371 | Shoals:4 | Killed Polyphemus
 18507 | Shoals:4 | Reached skill level 17 in Unarmed Combat
 18524 | Shoals:4 | Got a barnacled rune of Zot
 18646 | Shoals:4 | Reached skill level 10 in Dodging
 18743 | Shoals:4 | Killed Ilsuiw
 18804 | Shoals:4 | Reached XP level 18. HP: 157/157 MP: 26/33
 19441 | Lair:2   | Found a hole to the Spider Nest.
 19452 | Spider:1 | Entered Level 1 of the Spider Nest
 19937 | Spider:3 | Noticed Arachne
 19958 | Spider:3 | Killed Arachne
 19970 | Spider:3 | Reached skill level 18 in Unarmed Combat
 20384 | Spider:4 | Entered Level 4 of the Spider Nest
 20493 | Spider:4 | Lost mutation: Your tail ends in a poisonous barb. [potion of mutation]
 20493 | Spider:4 | Lost mutation: Your system is resistant to poisons. (rPois) [potion of mutation]
 20493 | Spider:4 | Gained mutation: You are agile. (Dex +2) [potion of mutation]
 20493 | Spider:4 | Gained mutation: You have large cloven feet. [potion of mutation]
 20493 | Spider:4 | Gained mutation: Your system is resistant to poisons. (rPois) [potion of mutation]
 20497 | Spider:4 | Lost mutation: You are agile. (Dex +2) [potion of mutation]
 20497 | Spider:4 | Lost mutation: Your large and strong wings let you fly indefinitely. [potion of mutation]
 20497 | Spider:4 | Lost mutation: You have large cloven feet. [potion of mutation]
 20497 | Spider:4 | Lost mutation: Your system is resistant to poisons. (rPois) [potion of mutation]
 20497 | Spider:4 | Gained mutation: You evolve. [potion of mutation]
 20497 | Spider:4 | Gained mutation: Your muscles are strong. (Str +2) [potion of mutation]
 20729 | Spider:4 | Reached XP level 19. HP: 167/167 MP: 25/34
 20731 | Spider:4 | Paralysed by a hornet for 1 turns
 20916 | Spider:4 | Lost mutation: Your muscles are strong. (Str +2) [mutagenic meat]
 20917 | Spider:4 | Gained mutation: You have a pair of small horns on your head. [mutagenic meat]
 20918 | Spider:4 | Gained mutation: You are clumsy. (Dex -2) [mutagenic meat]
 20996 | Spider:4 | Got a gossamer rune of Zot
 21254 | Slime:1  | Entered Level 1 of the Pits of Slime
 21256 | Slime:1  | Gained mutation: You are dopey. (Int -2) [a shining eye]
 21257 | Slime:1  | Gained mutation: Your magical capacity is low. (-10% MP) [a shining eye]
 21427 | Slime:2  | :O
 21459 | Slime:1  | Reached skill level 19 in Unarmed Combat
 21501 | Slime:2  | Reached skill level 15 in Invocations
 21657 | Slime:2  | Reached skill level 15 in Fighting
 21699 | Slime:1  | Gained mutation: Your spells are a little easier to cast, but a little less powerful. [a shining eye]
 21735 | Slime:1  | Lost mutation: You are dopey. (Int -2) [evolution]
 22090 | Slime:3  | Reached XP level 20. HP: 178/178 MP: 19/31
 22168 | Slime:5  | Entered Level 5 of the Pits of Slime
 22182 | Slime:4  | Reached skill level 20 in Unarmed Combat
 22231 | Slime:5  | Gained mutation: Scrolls take you a little longer to read. [a shining eye]
 22351 | Slime:5  | Noticed the Royal Jelly
 22464 | Slime:5  | Gained mutation: You are very clumsy. (Dex -4) [a shining eye]
 22483 | Slime:5  | Noticed Dissolution
 22487 | Slime:5  | Killed Dissolution
 22520 | Slime:5  | Killed the Royal Jelly
 22574 | Slime:5  | Identified the Volume of Venomous Ignition
 22586 | Slime:5  | Identified the +9 broad axe of the Spider Nest {speed, +Fly rPois Dex+2} (You found it on level 5 of the Pits of Slime)
 22641 | Slime:5  | Got a slimy rune of Zot
 22765 | Lair:4   | Killed Rupert
 23014 | D:14     | Gained mutation: Your tail ends in a poisonous barb. [mutagenic meat]
 23017 | D:14     | Lost mutation: Scrolls take you a little longer to read. [mutagenic meat]
 23018 | D:14     | Gained mutation: You have sharp fingernails. [mutagenic meat]
 23061 | D:14     | Reached skill level 1 in Evocations
 23065 | D:14     | Found a gate to the Vaults.
 23094 | D:15     | Found a radiant altar of Vehumet.
 23124 | D:15     | Gained mutation: You passively map a small area around you. [mutagenic meat]
 23125 | D:15     | Gained mutation: You expend magic power (3 MP) to strengthen your wands. [mutagenic meat]
 23126 | D:15     | Lost mutation: Your spells are a little easier to cast, but a little less powerful. [mutagenic meat]
 23128 | D:15     | Lost mutation: You are very clumsy. (Dex -4) [mutagenic meat]
 23129 | D:15     | Lost mutation: Your tail ends in a poisonous barb. [mutagenic meat]
 23261 | D:15     | Found a staircase to the Depths.
 23271 | D:15     | Gained mutation: You have a pair of horns on your head. [mutagenic meat]
 23272 | D:15     | Lost mutation: You are occasionally teleported next to monsters. [mutagenic meat]
 23273 | D:15     | Lost mutation: You have a pair of horns on your head. [mutagenic meat]
 23286 | Depths:1 | Entered Level 1 of the Depths
 23286 | Depths:1 | Noticed Oirien's ghost (journeyman MiFi)
 23300 | Depths:1 | Killed Oirien's ghost
 23397 | Depths:1 | Lost mutation: You expend magic power (3 MP) to strengthen your wands. [mutagenic meat]
 23398 | Depths:1 | Gained mutation: You occasionally shout uncontrollably at your foes. [mutagenic meat]
 23399 | Depths:1 | Gained mutation: Your muscles are strong. (Str +2) [mutagenic meat]
 23400 | Depths:1 | Gained mutation: You have a pair of horns on your head. [mutagenic meat]
 23401 | Depths:1 | Gained mutation: Your spells are a little harder to cast, but a little more powerful. [mutagenic meat]
 23403 | Depths:1 | Lost mutation: You evolve. [mutagenic meat]
 23410 | Depths:1 | Gained mutation: You are somewhat resistant to further mutation. [mutagenic meat]
 23540 | Depths:1 | Reached XP level 21. HP: 188/188 MP: 16/32
 23654 | Depths:2 | Reached skill level 21 in Unarmed Combat
 23659 | Depths:2 | Found a gateway to a ziggurat.
 23738 | Depths:2 | Reached skill level 5 in Evocations
 23949 | Depths:2 | Noticed a juggernaut
 23957 | Depths:2 | Killed a juggernaut
 24116 | Depths:2 | Noticed Sojobo
 24116 | Depths:2 | Killed Sojobo
 24190 | Depths:2 | Found a gateway to Hell.
 24895 | Depths:3 | Reached XP level 22. HP: 199/199 MP: 32/34
 24933 | Depths:3 | Noticed a golden dragon
 24941 | Depths:3 | Killed a golden dragon
 24970 | Depths:3 | Noticed a golden dragon
 24982 | Depths:3 | Killed a golden dragon
 25011 | Depths:3 | Reached skill level 22 in Unarmed Combat
 25209 | Depths:4 | Noticed a golden dragon
 25213 | Depths:4 | Killed a golden dragon
 25289 | Depths:4 | Found a one-way gate to the infinite horrors of the Abyss.
 25536 | Depths:5 | Entered Level 5 of the Depths
 25562 | Depths:5 | Noticed a juggernaut
 25569 | Depths:5 | Killed a juggernaut
 25757 | Depths:5 | Noticed Jorgrun
 25782 | Depths:5 | Killed Jorgrun
 25994 | Depths:5 | Found Taf Cap's Armour Boutique.
 26074 | Depths:5 | Found a gate to the Realm of Zot.
 26074 | Depths:5 | Noticed a golden dragon
 26091 | Depths:5 | Killed a golden dragon
 26192 | Zot:1    | Entered Level 1 of the Realm of Zot
 26198 | Zot:2    | Noticed a curse toe
 26205 | Zot:2    | Killed a curse toe
 26256 | Zot:2    | You fall through a shaft!
 26298 | Zot:3    | Reached XP level 23. HP: 207/207 MP: 18/37
 26601 | Zot:5    | Entered Level 5 of the Realm of Zot
 26632 | Zot:5    | Found Celiw's Changing Room.
 26632 | Zot:5    | Noticed a curse toe
 26640 | Zot:5    | Killed a curse toe
 26655 | Zot:5    | Bought a potion of mutation for 144 gold pieces
 26702 | Zot:5    | Noticed an orb of fire
 26740 | Zot:4    | Reached skill level 10 in Earth Magic
 27066 | Zot:3    | Reached skill level 23 in Unarmed Combat
 27160 | Zot:2    | Reached skill level 15 in Spellcasting
 27320 | Zot:2    | Identified the +3 cloak of the Unbroken {rN+ Dex+2} (You found it on level 2 of the Realm of Zot)
 27435 | Zot:1    | Reached XP level 24. HP: 218/218 MP: 32/38
 27710 | Depths:3 | Gained mutation: You are occasionally teleported next to monsters. [mutagenic glow]
 27861 | Vaults:1 | Entered Level 1 of the Vaults
 28233 | Vaults:1 | Lost mutation: You are clumsy. (Dex -2) [mutagenic meat]
 28534 | Vaults:3 | Found a staircase to the Crypt.
 28580 | Vaults:3 | Noticed Saint Roka
 28611 | Vaults:3 | Killed Saint Roka
 29254 | Vaults:4 | Lost mutation: You occasionally shout uncontrollably at your foes. [mutagenic meat]
 29257 | Vaults:4 | Lost mutation: Your magical capacity is low. (-10% MP) [mutagenic meat]
 29260 | Vaults:4 | Gained mutation: You tend to lose your temper in combat. [mutagenic meat]
 29303 | Vaults:5 | Entered Level 5 of the Vaults
 29365 | Vaults:5 | Reached XP level 25. HP: 226/226 MP: 42/43
 29381 | Vaults:5 | Noticed an ancient lich
 29413 | Vaults:5 | Reached skill level 24 in Unarmed Combat
 29416 | Vaults:5 | Noticed an ancient lich
 29421 | Vaults:5 | Killed an ancient lich
 29425 | Vaults:5 | Killed an ancient lich
 29681 | Vaults:5 | Found the +3 giant club "Skullcrusher" {speed, Str+7}
 29735 | Vaults:5 | Learned a level 2 spell: Sublimation of Blood
 29775 | Vaults:5 | Noticed Margery
 29792 | Vaults:5 | Killed Margery
 29810 | Vaults:5 | Identified the amulet "Kupn" {+Rage Dex+4} (You took it off a vault guard on level 5 of the Vaults)
 29886 | Vaults:5 | Lost mutation: You tend to lose your temper in combat. [mutagenic meat]
 29888 | Vaults:5 | Gained mutation: You expend magic power (3 MP) to strengthen your wands. [mutagenic meat]
 29889 | Vaults:5 | Gained mutation: You are dopey. (Int -2) [mutagenic meat]
 29903 | Vaults:5 | Noticed an ancient lich
 29910 | Vaults:5 | Noticed an ancient lich
 30102 | Vaults:5 | Found the +7 Singing Sword
 30158 | Vaults:5 | Killed an ancient lich
 30249 | Vaults:5 | Reached XP level 26. HP: 237/237 MP: 44/44
 30275 | Vaults:5 | Killed an ancient lich
 30286 | Vaults:5 | Gained mutation: Your magical capacity is low. (-10% MP) [mutagenic meat]
 30321 | Vaults:5 | Got a silver rune of Zot
 30347 | Vaults:5 | Reached skill level 15 in Earth Magic
 30469 | Vaults:5 | Identified Gocit's Handbook of Confrontation
 30982 | Zig:1    | Entered Level 1 of a ziggurat
 30982 | Zig:1    | Noticed Uxaeckiv the pandemonium lord
 30988 | Zig:1    | Killed Uxaeckiv the pandemonium lord
 30996 | Zig:2    | Entered Level 2 of a ziggurat
 31013 | Zig:3    | Entered Level 3 of a ziggurat
 31037 | Zig:3    | Reached XP level 27. HP: 246/246 MP: 40/40
 31046 | Zig:4    | Entered Level 4 of a ziggurat
 31062 | Zig:4    | Reached skill level 25 in Unarmed Combat
 31108 | Zig:5    | Entered Level 5 of a ziggurat
 31114 | Zig:5    | Noticed Vohuvy the pandemonium lord
 31130 | Zig:5    | HP: 1/369 [Vohuvy the pandemonium lord/orb of electricity (30)]
 31130 | Zig:5    | Killed Vohuvy the pandemonium lord
 31233 | Zig:5    | Identified the Incunabulum of the Excruciating Blaze
 31234 | Zig:5    | Identified the Almanac of the Lucky Voyage
 31245 | Zig:5    | Learned a level 9 spell: Shatter
 31248 | Zig:5    | Learned a level 2 spell: Swiftness
 31255 | Zig:5    | Learned a level 6 spell: Iron Shot
 31256 | Zig:6    | Entered Level 6 of a ziggurat
 31314 | Zig:7    | Entered Level 7 of a ziggurat
 31392 | Zig:7    | Identified the ring of Feymats {rPois Str+2 SInv} (You found it on level 7 of a ziggurat)
 31393 | Zig:7    | Identified the Reference Book on the Birds and Damage Dealing
 31399 | Zig:7    | Identified Zuh Rac's Guide on Helpful Conjuration
 31433 | Zig:8    | Entered Level 8 of a ziggurat
 31505 | Zig:8    | Learned a level 2 spell: Passwall
 31511 | Zig:8    | Learned a level 5 spell: Lee's Rapid Deconstruction
 31544 | Zig:9    | Entered Level 9 of a ziggurat
 31626 | Zig:9    | Identified the ring "Addez" {rC+ AC+3 Str+4 Int+3} (You found it on level 9 of a ziggurat)
 31633 | Zig:10   | Entered Level 10 of a ziggurat
 31701 | Zig:10   | Identified the ring "Zaokku" {rElec rF+ MP+9 Str-2 Int+7} (You found it on level 10 of a ziggurat)
 31704 | Zig:10   | Identified The Lost Compendium of Boris
 31720 | Zig:11   | Entered Level 11 of a ziggurat
 31825 | Zig:11   | Identified the ring of Uskayaw's Favour {MP+9 Dex+4} (You found it on level 11 of a ziggurat)
 31829 | Zig:12   | Entered Level 12 of a ziggurat
 31887 | Zig:12   | Noticed an orb of fire
 31905 | Zig:12   | Killed an orb of fire
 31953 | Zig:12   | Found the cursed +14 obsidian axe {chop, +Fly SInv *Curse}
 31961 | Zig:12   | Identified the Handbook of the Mountains and the Blaze
 31962 | Zig:12   | Identified the Almanac of Necromancy
 31966 | Zig:12   | Identified the ring of Rixiel {Fire *Drain rPois Int+4 SInv} (You found it on level 12 of a ziggurat)
 32152 | Pan      | Entered Pandemonium
 32200 | Pan      | Found a transporter.
 32430 | Pan      | Found a transporter.
 32441 | Pan      | Identified the amulet "Nifyprap" {Gourm MR+ Str+4} (You found it in Pandemonium)
 32442 | Pan      | Identified the amulet "Cunak" {Reflect Str+2 Int+3 SH+2} (You found it in Pandemonium)
 32443 | Pan      | Identified the amulet "Byixuwk" {Spirit +Fly rF+ rC-} (You found it in Pandemonium)
 32596 | Pan      | Entered the realm of Cerebov.
 32787 | Pan      | Noticed Cerebov
 32795 | Pan      | Killed Cerebov
 32834 | Pan      | Got a fiery rune of Zot
 32845 | Pan      | Identified the Handbook of Spatial Heat
 32859 | Pan      | Identified the -2 pair of gloves of the Modern Shrikes {rElec rPois MP+9} (You found it in Pandemonium)
 33026 | Pan      | HP: 3/319 [Ice Fiend (25)]
 33056 | Pan      | Noticed Suoblurr the pandemonium lord
 33064 | Pan      | Lost mutation: You are occasionally teleported next to monsters. [potion of mutation]
 33064 | Pan      | Lost mutation: You are dopey. (Int -2) [potion of mutation]
 33064 | Pan      | Lost mutation: Your magical capacity is low. (-10% MP) [potion of mutation]
 33064 | Pan      | Lost mutation: You expend magic power (3 MP) to strengthen your wands. [potion of mutation]
 33176 | Pan      | Entered the realm of Mnoleg.
 33228 | Pan      | Gained mutation: Scrolls take you a little longer to read. [a cacodemon]
 33250 | Pan      | Noticed Mnoleg
 33257 | Pan      | Killed Mnoleg
 33257 | Pan      | Lost mutation: Your spells are a little harder to cast, but a little more powerful. [a neqoxec]
 33354 | Pan      | Gained mutation: You can translocate small distances at will. [mutagenic meat]
 33355 | Pan      | Gained mutation: You possess an exceptional clarity of mind. [mutagenic meat]
 33375 | Pan      | Got a glowing rune of Zot
 33453 | Pan      | Noticed Xudwiji the pandemonium lord
 33463 | Pan      | Killed Xudwiji the pandemonium lord
 33470 | Pan      | HP: 15/319 [monstrous black sun (3)]
 33471 | Pan      | Slain by a lorocyproca

Vault maps used:
D:1:      matt_arrival_refuge
D:3:      dancing_weapons_uskayaw, kennysheep_generic_room_5
D:4:      kennysheep_big_flooded_room, minmay_temple_entry_enclosed_plants,
          first_bread, serial_shops, nicolae_shop_stone,
          minmay_misc_feat_square, hangedman_decor_slide_cut,
          due_unseen_surprise
D:5:      kennysheep_mini_moat
D:6:      nicolae_overflow_crystal_walls, uniq_crazy_yiuf_cottage
D:7:      grunt_temple_overflow_cloverleaf, serial_shops, shop_statue
D:8:      minitemple, grunt_lair_entry_orc_guard_hut
D:9:      grunt_temple_overflow_gold_and_silver, overflow_temple_1_default,
          uniq_maurice
D:10:     orc_0_dummy, hangedman_fish_farm, st_stairs_12,
          nicolae_for_you_no_charge
D:11:     minmay_wavy_crystal, lab_entry_generic, uniq_josephine, uniq_grum,
          uniq_nergalle
D:12:     hangedman_decor_riveting
D:13:     portal_ice_cave_entry_imps
D:14:     lightli_vaults_fourway_checkpoint, minmay_misc_feat_plants
D:15:     grunt_enter_depths_snipers, basic_altar, minmay_crystal_water,
          uniq_urug
Lair:1:   st_stairs_11, serial_bayou_pond_d, minmay_lair_oklob_bushes,
          infiniplex_staircase_pool
Lair:2:   nicolae_spider_entry_non_spiders, eino_small_chamber_without_monster
Lair:3:   minmay_shoals_entry_lonely_mermaid, uniq_sonja
Lair:4:   uniq_rupert
Lair:5:   slime_altar_1, minmay_lair_oklob_items, beast_lair_carwin_6,
          grunt_megastairs_2, serial_bayou_shore_b
Lair:6:   minmay_lair_end_frog_pond
Shoals:2: lightli_airlock, uniq_louise
Shoals:4: shoals_end_grunt_ice, shoal_ilsuiw, uniq_polyphemus
Spider:1: nicolae_spider_mines_3
Spider:3: uniq_arachne
Spider:4: guppyfry_spider_rune
Slime:1:  cheibrodos_slime_lost_civilization_2
Slime:2:  nicolae_slime_welcoming_committee
Slime:5:  uniq_dissolution
Orc:2:    pf_orc_diabolical, serial_shops, nicolae_shop_waterfront
Elf:1:    basic_altar, hangedman_elf_represent, uniq_aizul, uniq_asterion
Elf:2:    minmay_misc_feat_cross
Elf:3:    minmay_elf_hall_spiked
Vaults:1: v_misc_22, v_rooms_4, nicolae_vaults_little_squares_5,
          nicolae_vaults_rhombus_5, vaults_mumra_hexcomb, v_alt_pattern_4,
          vaults_room_ringed_pool, nicolae_vaults_diagonal_hallway_7,
          dpeg_vaults_monster_box, nicolae_vaults_specimen_jars,
          nicolae_vaults_border_crossing
Vaults:2: nicolae_vaults_little_squares_3, hangedman_vaults_unwind,
          vaults_room_grid, ontoclasm_vaults_tryst, vaults_mumra_chevron,
          v_pattern_1
Vaults:3: ontoclasm_vaults_ring_large, ontoclasm_vaults_ring_small,
          minmay_crypt_entry_simple_corners, nicolae_vaults_hallways_thing,
          v_misc_13, vaults_dpeg_diagonal, v_rooms_2, vaults_mumra_hex,
          nicolae_vaults_network_star, v_misc_33, nicolae_vaults_theta,
          ontoclasm_vaults_decontamination, nicolae_vaults_little_squares_3,
          ontoclasm_vaults_chip, uniq_mennas, uniq_saint_roka, uniq_xtahua
Vaults:4: nicolae_vaults_little_squares_1, v_pattern_4, v_rooms_4, v_misc_18,
          st_quartered_hall, ontoclasm_vaults_ring_small,
          nicolae_vaults_little_squares_6, vaults_room_grid,
          vaults_room_door_hall, v_misc_4, v_misc_31, nicolae_vaults_little_ls,
          v_misc_17, nicolae_vaults_angled_halls
Vaults:5: serial_shops, uniq_margery
Depths:1: hell_entry, nicolae_sextant, minmay_pinched_square
Depths:2: cheibrodos_hall_of_evolution, enter_ziggurat_e, hell_entry,
          grunt_megastairs_4, infiniplex_staircase_pool_2, uniq_sojobo
Depths:3: minmay_the_grid_triangle_9x9_rhombus_full, grunt_pan_entry_spiral,
          hell_entry, minmay_misc_feat_encased, serial_bayou_shore_b,
          serial_bayou_shore_b
Depths:4: evilmike_makhleb_hellhole, kennysheep_doodads, abyss_entry_crystal,
          special_room, hell_entry, library_closet
Depths:5: grunt_zot_entry_tricorne, serial_shops, nicolae_shop_trees,
          serial_column_ruins, column_ruins_portal_hut, column_ruins_hut,
          column_ruins_hut_pillars, column_ruins_open_tiny,
          column_ruins_open_small, column_ruins_corridor_straight,
          column_ruins_corridor_corner, column_ruins_grid_3, hell_entry,
          rand_demon_pan_entry_8, uniq_jorgrun
Zot:3:    zot_minivault_2
Zot:4:    grunt_megastairs_1
Zot:5:    nicolae_transmutations_shop
Pan:      gammafunk_dig_for_victory, evilmike_mini_pan_corridor, pan_disco_hall,
          pan_blood_fountain_small, cerebov_grunt, special_room, rand_demon_2,
          mnoleg_grunt, evilmike_mini_pan_diamond
Zig:2:    ziggurat_pillar_centre_c
Zig:5:    ziggurat_pillar_centre_dead_trees
Zig:12:   ziggurat_pillar_centre_smoke
Lab:      nicolae_lab_dead_adventurers
IceCv:    ice_cave_tombish

Skill      XL: |  1  2  3  4  5  6  7  8  9 10 11 12 13 14 15 16 17 18 19 20 21 22 23 24 25 26 27 |
---------------+----------------------------------------------------------------------------------+-----
Unarmed Combat | 3 4 5 6 7 9 10 11 13 14 15 16 17 18 19 20 21 22 23 24 25 | 25.0
Invocations    | 1 2 3 4 5 7 8 9 10 11 12 13 14 15 16 17 18 19 20 | 20.0
Fighting       | 3 4 6 7 9 10 11 12 13 14 15 16 17 18 19 20 | 20.1
Dodging        | 4 5 6 7 8 9 10 11 | 11.5
Spellcasting   | 3 5 7 9 11 12 14 15 16 17 18 | 18.0
Transmutations | 4 10 13 | 13.2
Charms         | 3 |  3.4
Necromancy     | 3 |  3.7
Earth Magic    | 5 8 9 11 13 14 15 22 | 22.7
Evocations     | 4 5 |  5.0
Throwing       | |  0.8
Translocations | |  3.0

Action                   |  1- 3 |  4- 6 |  7- 9 | 10-12 | 13-15 | 16-18 | 19-21 | 22-24 | 25-27 || total
-------------------------+-------+-------+-------+-------+-------+-------+-------+-------+-------++-------
Melee: Unarmed           |   153 |   233 |   435 |   751 |  1404 |   830 |   831 |   926 |  1019 ||  6582
       Tailslap          |    11 |    15 |    51 |    73 |   110 |    83 |   106 |    93 |   102 ||   644
       Punch             |       |     4 |    11 |    33 |    59 |    45 |    64 |    69 |    72 ||   357
       Headbutt          |       |       |       |    86 |   132 |     1 |     3 |    17 |    57 ||   296
       Bite              |       |       |       |       |    68 |    62 |    64 |    82 |    82 ||   358
       Trident           |       |       |       |       |       |       |     1 |       |       ||     1
Throw: Tomahawk          |     1 |       |       |       |       |       |       |       |       ||     1
       Throwing net      |       |       |       |     2 |       |     2 |       |       |       ||     4
 Cast: Dragon Form       |       |       |       |       |    11 |    51 |    41 |    53 |    25 ||   181
       Regeneration      |       |       |       |       |     3 |    80 |    88 |    97 |   114 ||   382
       Blink             |       |       |       |       |     1 |       |     4 |       |       ||     5
       Apportation       |       |       |       |       |       |     7 |    10 |    13 |    24 ||    54
       Statue Form       |       |       |       |       |       |     4 |       |     5 |    22 ||    31
       Lesser Beckoning  |       |       |       |       |       |       |     1 |       |     2 ||     3
       Passage of Golubr |       |       |       |       |       |       |       |     1 |     4 ||     5
       Shatter           |       |       |       |       |       |       |       |       |     3 ||     3
Invok: Stomp             |       |     4 |    13 |     7 |    15 |       |       |       |       ||    39
       Grand Finale      |       |       |       |       |     2 |     2 |     3 |     1 |     5 ||    13
       Line Pass         |       |       |       |       |     1 |       |       |     1 |       ||     2
 Abil: Breathe Acid      |       |       |    28 |    28 |    79 |    13 |     4 |     6 |     4 ||   162
       Evoke Invisibilit |       |       |       |       |     2 |       |       |       |       ||     2
       End Transformatio |       |       |       |       |     2 |    27 |    17 |    24 |    24 ||    94
       Fly               |       |       |       |       |       |     1 |       |       |       ||     1
       Stop Flying       |       |       |       |       |       |     1 |       |       |       ||     1
Evoke: Wand              |       |     5 |     7 |    13 |    23 |     8 |       |     9 |     4 ||    69
       Staff of energy   |       |       |       |       |       |       |    70 |    24 |     2 ||    96
       Box of beasts     |       |       |       |       |       |       |     1 |       |     1 ||     2
       Sack of spiders   |       |       |       |       |       |       |       |       |     1 ||     1
  Use: Scroll            |       |       |    11 |    17 |    18 |    10 |     8 |    11 |    28 ||   103
       Potion            |       |       |       |     3 |    17 |     7 |     1 |     2 |    12 ||    42
 Stab: Paralysed         |       |       |    13 |    80 |   108 |    70 |    88 |    97 |   105 ||   561
       Sleeping          |       |       |       |     1 |       |       |       |       |       ||     1
       Invisible         |       |       |       |       |     3 |     2 |       |       |     3 ||     8
       Distracted        |       |       |       |       |       |     1 |     2 |       |       ||     3
  Eat: Chunk             |       |     4 |    15 |    22 |    41 |    26 |    36 |    34 |    21 ||   199
       Royal jelly       |       |       |     2 |     4 |     1 |     3 |     4 |     1 |     7 ||    22
       Bread ration      |       |       |       |     1 |     2 |     4 |     4 |     4 |     2 ||    17
       Fruit             |       |       |       |       |     2 |     4 |     1 |     3 |     2 ||    12
       Meat ration       |       |       |       |       |       |       |     2 |       |     1 ||     3
Armor: Skin              |    46 |    72 |    98 |   212 |   365 |   445 |   405 |   313 |   762 ||  2718
Dodge: Dodged            |    84 |   134 |   238 |   529 |   654 |   343 |   207 |   235 |   781 ||  3205

Table legend:
 A = Spawn XP
 B = Non-spawn XP
 C = Spawn XP percentage of total XP
 D = Spawn monster count
 E = Non-spawn monster count
 F = Spawn count percentage of total count
 G = Total turns spent on level
                    A         B        C        D         E        F      G
               +---------+---------+-------+---------+---------+-------+---------
         Total |   13365 | 1685776 |   0.8 |      17 |    2362 |   0.7 | 33471
               +---------+---------+-------+---------+---------+-------+---------
           D:1 |       0 |      15 |   0.0 |       0 |       9 |   0.0 |   390
           D:2 |       0 |      99 |   0.0 |       0 |      23 |   0.0 |   443
           D:3 |       0 |     100 |   0.0 |       0 |      25 |   0.0 |   446
           D:4 |       0 |      39 |   0.0 |       0 |       8 |   0.0 |   393
           D:5 |       0 |     621 |   0.0 |       0 |      20 |   0.0 |   392
           D:6 |       0 |    1016 |   0.0 |       0 |      28 |   0.0 |   626
           D:7 |       0 |     804 |   0.0 |       0 |      16 |   0.0 |   454
           D:8 |       0 |    1921 |   0.0 |       0 |      36 |   0.0 |   718
           D:9 |       0 |    1256 |   0.0 |       0 |      25 |   0.0 |   587
          D:10 |       0 |    3748 |   0.0 |       0 |      36 |   0.0 |   718
          D:11 |       0 |    6497 |   0.0 |       0 |      27 |   0.0 |   702
          D:12 |       0 |    5318 |   0.0 |       0 |      25 |   0.0 |   461
          D:13 |       0 |    2503 |   0.0 |       0 |      26 |   0.0 |   607
          D:14 |       0 |   17601 |   0.0 |       0 |      68 |   0.0 |   722
          D:15 |       0 |    9769 |   0.0 |       0 |      26 |   0.0 |   294
        Lair:1 |       0 |    3903 |   0.0 |       0 |      18 |   0.0 |   409
        Lair:2 |       0 |    2004 |   0.0 |       0 |      16 |   0.0 |   373
        Lair:3 |       0 |    5779 |   0.0 |       0 |      21 |   0.0 |   638
        Lair:4 |       0 |    6409 |   0.0 |       0 |      10 |   0.0 |   467
        Lair:5 |       0 |   12698 |   0.0 |       0 |      27 |   0.0 |   872
        Lair:6 |       0 |   26849 |   0.0 |       0 |      86 |   0.0 |  1609
      Shoals:1 |       0 |    7018 |   0.0 |       0 |      18 |   0.0 |   396
      Shoals:2 |       0 |   17062 |   0.0 |       0 |      34 |   0.0 |   457
      Shoals:3 |       0 |   13729 |   0.0 |       0 |      25 |   0.0 |   367
      Shoals:4 |       0 |   49912 |   0.0 |       0 |      72 |   0.0 |   870
      Spider:1 |       0 |    3683 |   0.0 |       0 |      15 |   0.0 |   160
      Spider:2 |       0 |   16401 |   0.0 |       0 |      38 |   0.0 |   437
      Spider:3 |       0 |   22190 |   0.0 |       0 |      53 |   0.0 |   368
      Spider:4 |       0 |   47435 |   0.0 |       0 |      95 |   0.0 |   675
       Slime:1 |       0 |   13708 |   0.0 |       0 |      24 |   0.0 |   334
       Slime:2 |       0 |   36467 |   0.0 |       0 |      51 |   0.0 |   290
       Slime:3 |       0 |   27571 |   0.0 |       0 |      30 |   0.0 |   171
       Slime:4 |       0 |    6742 |   0.0 |       0 |      15 |   0.0 |   206
       Slime:5 |       0 |   42800 |   0.0 |       0 |      22 |   0.0 |   397
         Orc:1 |       0 |    3090 |   0.0 |       0 |      31 |   0.0 |   519
         Orc:2 |       0 |   18489 |   0.0 |       0 |      76 |   0.0 |  1470
         Elf:1 |       0 |   21195 |   0.0 |       0 |      26 |   0.0 |  1044
         Elf:2 |       0 |   20600 |   0.0 |       0 |      37 |   0.0 |   541
         Elf:3 |       0 |   77900 |   0.0 |       0 |      77 |   0.0 |  1933
      Vaults:1 |       0 |   20833 |   0.0 |       0 |      43 |   0.0 |   344
      Vaults:2 |       0 |   24460 |   0.0 |       0 |      46 |   0.0 |   460
      Vaults:3 |       0 |   16444 |   0.0 |       0 |      25 |   0.0 |   154
      Vaults:4 |       0 |   76368 |   0.0 |       0 |      90 |   0.0 |   761
      Vaults:5 |       0 |  210671 |   0.0 |       0 |     139 |   0.0 |  1220
      Depths:1 |       0 |   29167 |   0.0 |       0 |      37 |   0.0 |   397
      Depths:2 |       0 |   73819 |   0.0 |       0 |      86 |   0.0 |   895
      Depths:3 |       0 |   81176 |   0.0 |       0 |      81 |   0.0 |   985
      Depths:4 |       0 |   30591 |   0.0 |       0 |      27 |   0.0 |   368
      Depths:5 |       0 |   71187 |   0.0 |       0 |      64 |   0.0 |   767
         Zot:1 |       0 |   16143 |   0.0 |       0 |       9 |   0.0 |   130
         Zot:2 |       0 |   54643 |   0.0 |       0 |      32 |   0.0 |   365
         Zot:3 |       0 |   45487 |   0.0 |       0 |      26 |   0.0 |   291
         Zot:4 |       0 |   40733 |   0.0 |       0 |      26 |   0.0 |   415
         Zot:5 |       0 |   20000 |   0.0 |       0 |       6 |   0.0 |   152
           Pan |   13365 |  181350 |   6.9 |      17 |     162 |   9.5 |  1319
         Zig:1 |       0 |    6520 |   0.0 |       0 |       1 |   0.0 |    14
         Zig:2 |       0 |    1867 |   0.0 |       0 |       2 |   0.0 |    17
         Zig:3 |       0 |    3460 |   0.0 |       0 |       4 |   0.0 |    33
         Zig:4 |       0 |    5332 |   0.0 |       0 |       3 |   0.0 |    62
         Zig:5 |       0 |    4469 |   0.0 |       0 |       6 |   0.0 |   148
         Zig:6 |       0 |    5386 |   0.0 |       0 |      11 |   0.0 |    58
         Zig:7 |       0 |   11958 |   0.0 |       0 |      27 |   0.0 |   119
         Zig:8 |       0 |   24346 |   0.0 |       0 |      10 |   0.0 |   111
         Zig:9 |       0 |   11842 |   0.0 |       0 |      15 |   0.0 |    89
        Zig:10 |       0 |   17031 |   0.0 |       0 |      16 |   0.0 |    87
        Zig:11 |       0 |   15332 |   0.0 |       0 |      21 |   0.0 |   109
        Zig:12 |       0 |   26618 |   0.0 |       0 |      25 |   0.0 |   141
           Lab |       0 |    1118 |   0.0 |       0 |       1 |   0.0 |   163
         IceCv |       0 |    2484 |   0.0 |       0 |       6 |   0.0 |   341
               +---------+---------+-------+---------+---------+-------+---------
